AoeStats
← tapaswithtitus

Arena

504015916Analyzed
2v2 RM · 1mo ago on Sep 3, 2026· 32m 6s· 4 players
Game mode
Random Map
Map size
Medium (4 player)
Population
200
Speed
Normal
Resources
Standard
Victory
Conquest
Starting age
Dark Age
Ending age
Imperial Age
RankedLock teamsTeams togetherTeam positionsShared explorationLock speedFull tech treeHidden civsTurbo modeCheats
Victory
Defeat
🇹🇼 Cumans · Taiwan
1132
+18
🇹🇼 Bohemians · Taiwan
1130
+18
🇦🇺 Celts · Australia
1187
-19
🇨🇳 Burgundians · China
1157
-17
monga0410
10:29 Feudal Age
11:39 Double-Bit Axe
12:47 Horse Collar
15:55 Loom
16:48 Wheelbarrow
22:17 Castle Age
21:00 Bloodlines
21:23 Scale Barding Armor
21:39 Forging
22:37 Town Watch
22:49 Capped Ram
24:51 Bow Saw
24:43 Heavy Plow
26:04 Iron Casting
29:06 Hand Cart
anguszheng11
10:44 Feudal Age
11:34 Loom
15:40 Castle Age
14:16 Double-Bit Axe
21:14 Fervor
26:16 Elite Skirmisher
26:59 Fletching
27:27 Forging
31:29 Devotion
tapaswithtitus
3:35 Double-Bit Axe
10:50 Feudal Age
10:26 Horse Collar
16:31 Castle Age
16:09 Bow Saw
16:13 Heavy Plow
16:34 Loom
18:24 Two-Man Saw
19:15 Crop Rotation
19:34 Wheelbarrow
21:24 Fervor
24:26 Gold Mining
26:17 Hand Cart
27:31 Cavalier
Bananananna8
10:24 Feudal Age
12:06 Loom
15:14 Castle Age
13:42 Double-Bit Axe
13:58 Horse Collar
16:22 Bow Saw
15:37 Man-at-Arms
17:02 Scale Mail Armor
18:19 Town Watch
20:46 Arson
22:03 Gambesons
22:30 Forging
24:02 Pikeman
27:57 Wheelbarrow
29:18 Iron Casting
30:45 Gold Mining
34:35 Imperial Age
Connection lost

Rejoining the realm…

Still unreachable

The connection could not be restored.

Session expired

The server has moved on; the page needs a fresh start.